 Dungeon Crawl Stone Soup version 0.30-a0-359-gd0147acb1a (webtiles) character file.

Game seed: 6767255770934426280

263 sleeves the Slasher (level 5, -5/41 HPs)
             Began as a Demonspawn Monk on Nov 12, 2022.
             Slain by an ogre
             ... wielding a +0 giant spiked club
              (11 damage)
             ... on level 4 of the Dungeon.
             The game lasted 00:02:52 (2875 turns).

sleeves the Slasher (Demonspawn Monk)               Turns: 2875, Time: 00:02:52

Health: -5/41      AC:  8    Str: 11    XL:     5   Next: 97%
Magic:  5/5        EV: 11    Int: 11    God:
Gold:   317        SH:  0    Dex: 18    Spells: 4/4 levels left

rFire   + . .      SeeInvis .    m - +3 short sword
rCold   . . .      Faith    .    (no shield)
rNeg    . . .      Spirit   .    l - +0 ring mail {Will+}
rPois   .          Reflect  .    (helmet restricted)
rElec   .          Harm     .    (no cloak)
rCorr   .          Rampage  .    (no gloves)
Will    ++...                    (no boots)
Stlth   +.........               (no amulet)
HPRegen 0.26/turn                j - ring of willpower
MPRegen 0.09/turn                q - ring of protection from fire

@: no status effects
A: antennae 1, yellow scales 2, spiny 1
a: no special abilities


You were on level 4 of the Dungeon.
You visited 1 branch of the dungeon, and saw 4 of its levels.

You collected 317 gold pieces.

Inventory:

Hand Weapons
 a - a +0 falchion
 m - a +3 short sword (weapon)
   (You took it off an orc priest on level 1 of the Dungeon)
 u - the +8 trident of the Octopus King {venom, rElec rPois}
   (You found it on level 4 of the Dungeon)

   It poisons the flesh of those it strikes.
   rElec:     It insulates you from electricity.
   rPois:     It protects you from poison.
Missiles
 n - a throwing net (quivered)
Armour
 l - a +0 ring mail of willpower (worn)
   (You found it on level 2 of the Dungeon)
Jewellery
 j - a ring of willpower (left hand)
   (You found it on level 1 of the Dungeon)
 q - a ring of protection from fire (right hand)
   (You found it on level 2 of the Dungeon)
Wands
 p - a wand of paralysis (11)
   (You found it on level 3 of the Dungeon)
Scrolls
 d - a scroll of torment {unknown}
 e - 3 scrolls of teleportation {unknown}
 f - 7 scrolls of identify {unknown}
 g - a scroll of immolation {unknown}
 h - 3 scrolls of enchant weapon {unknown}
 i - a scroll of noise {unknown}
 o - 2 scrolls of butterflies {unknown}
 r - a scroll of blinking {unknown}
 s - a scroll of amnesia {unknown}
Potions
 b - 2 potions of heal wounds {unknown}
 c - 2 potions of ambrosia
 k - a potion of brilliance {unknown}
 t - 2 potions of resistance {unknown}


   Skills:
 - Level 3.0 Fighting
 + Level 6.1 Long Blades
 - Level 2.6 Dodging
 - Level 1.7 Stealth


You had 4 spell levels left.
You didn't know any spells.
Your spell library was empty.

Dungeon Overview and Level Annotations

Branches:
Dungeon (4/15)
 Temple: D:4-7

Altars:
Dithmenos


Innate Abilities, Weirdness & Mutations

You have a pair of small antennae on your head.
You are mostly covered in yellow scales. (AC +3)
You are partially covered in sharp spines.


Message History

You are too injured to fight recklessly!
You are too injured to fight recklessly!
You are too injured to fight recklessly!
You are too injured to fight recklessly!
You hit the orc.
The orc is heavily wounded.
The orc hits you but does no damage.
You hit the orc.
The orc is severely wounded.
The orc closely misses you.
You hit the orc.
You kill the orc!
You see here a +0 dagger of freezing.
You start resting.
HP restored.
There is a stone staircase leading down, spattered with blood here.
You climb downwards.
There is a stone staircase leading up, spattered with blood here.
You barely miss the orc priest.
The orc priest hits you with a +3 short sword.
You hit the orc priest.
The orc priest is lightly wounded.
The orc priest closely misses you.
You barely miss the orc priest.
The orc priest is lightly wounded.
The orc priest hits you with a +3 short sword.
You barely miss the orc priest.
The orc priest is lightly wounded.
The orc priest looks braver for a moment.
You completely miss the orc priest.
The orc priest is lightly wounded.
The orc priest looks braver for a moment.
You hit the orc priest.
The orc priest is moderately wounded.
The orc priest hits you with a +3 short sword.
You hit the orc priest.
The orc priest is heavily wounded.
The orc priest hits you with a +3 short sword.
You are too injured to fight recklessly!
You are too injured to fight recklessly!
You are too injured to fight recklessly!
You are too injured to fight recklessly!
You are too injured to fight recklessly!
You are too injured to fight recklessly!
You are too injured to fight recklessly!
You are too injured to fight recklessly!
You are too injured to fight recklessly!
You are too injured to fight recklessly!
You are too injured to fight recklessly!
You are too injured to fight recklessly!
You are too injured to fight recklessly!
You are too injured to fight recklessly!
You are too injured to fight recklessly!
You are too injured to fight recklessly!
The orc priest attacks as you move away!
The orc priest hits you but does no damage.
There is a stone staircase leading up, spattered with blood here.
You climb upwards.
There is a stone staircase leading down, spattered with blood here.
You closely miss the orc priest.
The orc priest is moderately wounded.
The orc priest miscasts a cantrip.
The orc priest hits you but does no damage.
You barely miss the orc priest.
The orc priest is moderately wounded.
The orc priest barely misses you.
You barely miss the orc priest.
The orc priest is moderately wounded.
The orc priest hits you but does no damage.
You hit the orc priest but do no damage.
The orc priest is moderately wounded.
The orc priest hits you with a +3 short sword.
You are too injured to fight recklessly!
You are too injured to fight recklessly!
You are too injured to fight recklessly!
You are too injured to fight recklessly!
You are too injured to fight recklessly!
You are too injured to fight recklessly!
You are too injured to fight recklessly!
You are too injured to fight recklessly!
You are too injured to fight recklessly!
You are too injured to fight recklessly!
You hit the orc priest but do no damage.
The orc priest is moderately wounded.
The orc priest hits you with a +3 short sword.
You closely miss the orc priest.
The orc priest is moderately wounded.
The orc priest hits you but does no damage.
You barely miss the orc priest.
The orc priest is moderately wounded.
The orc priest misses you.
You are too injured to fight recklessly!
You are too injured to fight recklessly!
You are too injured to fight recklessly!
You are too injured to fight recklessly!
You are too injured to fight recklessly!
You are too injured to fight recklessly!
You are too injured to fight recklessly!
You are too injured to fight recklessly!
You are too injured to fight recklessly!
You are too injured to fight recklessly!
You are too injured to fight recklessly!
You are too injured to fight recklessly!
You are too injured to fight recklessly!
You hit the orc priest.
The orc priest is severely wounded.
The orc priest hits you but does no damage.
You barely miss the orc priest.
The orc priest is severely wounded.
The orc priest hits you with a +3 short sword.
You barely miss the orc priest.
The orc priest is severely wounded.
The orc priest closely misses you.
You slash the orc priest!
You kill the orc priest!
You have reached level 4!
You feel agile.
Your demonic ancestry asserts itself...
Yellow scales spread over more of your body.
Things that are here:
a +3 short sword; a +0 leather armour; an orc corpse
m - a +3 short sword
m - a +3 short sword (weapon)
You start resting.
HP restored.
There is a stone staircase leading down, spattered with blood here.
You climb downwards.
There is a stone staircase leading up, spattered with blood here.
The orc wizard hits you with a +0 dagger.
You hit the orc wizard but do no damage.
The orc wizard casts a spell at you. The puff of flame misses you.
You closely miss the orc wizard. The orc wizard casts a spell at you.
The magic dart hits you.
You closely miss the orc wizard. Your punch misses the orc wizard.
The orc wizard misses you.
You hit the orc wizard.
The orc wizard is moderately wounded.
The orc wizard barely misses you.
You hit the orc wizard.
The orc wizard is heavily wounded.
The orc wizard hits you with a +0 dagger.
You closely miss the orc wizard.
The orc wizard is heavily wounded.
You hit the orc wizard.
The orc wizard is almost dead.
The orc wizard closely misses you.
You hit the orc wizard.
You kill the orc wizard!
Your Long Blades skill increases to level 5!
No target in view!
No target in view!
No target in view!
No target in view!
No target in view!
No target in view!
No target in view!
No target in view!
HP restored.
You see here a +0 robe.
A hobgoblin comes into view.
A hobgoblin is nearby!
A hobgoblin is nearby!
You hit the hobgoblin.
The hobgoblin is lightly wounded.
The hobgoblin barely misses you.
You puncture the hobgoblin!
You kill the hobgoblin!
No target in view!
No target in view!
No target in view!
No target in view!
No target in view!
No target in view!
No target in view!
You sense a monster nearby. 2 gnolls come into view.
The gnoll shouts!
A gnoll comes into view. It is wielding a +0 club.
There are monsters nearby!
The gnoll shouts!
You hit the gnoll.
The gnoll is moderately wounded.
The gnoll closely misses you.
A rat comes into view.
You hit the gnoll but do no damage.
The gnoll is moderately wounded.
The gnoll hits you with a +0 club.
You puncture the gnoll!
The gnoll is almost dead.
The gnoll hits you with a +0 club.
You puncture the gnoll!
You kill the gnoll!
The gnoll closely misses you.
Things that are here:
a +0 club; a gnoll corpse You hit the gnoll but do no damage.
The gnoll barely misses you. The gnoll hits you but does no damage.
You hit the gnoll but do no damage. The gnoll barely misses you.
The gnoll hits you with a +0 club!
You hit the gnoll.
The gnoll is heavily wounded.
The gnoll completely misses you. The gnoll hits you but does no damage.
You completely miss the gnoll.
The gnoll is heavily wounded.
The gnoll hits you with a +0 club. The gnoll hits you but does no damage.
You are too injured to fight recklessly!
You are too injured to fight recklessly!
You are too injured to fight recklessly!
You are too injured to fight recklessly!
You are too injured to fight recklessly!
You are too injured to fight recklessly!
You are too injured to fight recklessly!
You are too injured to fight recklessly!
There are monsters nearby!
There are monsters nearby!
The gnoll attacks as you move away! The gnoll hits you with a +0 club.
The gnoll attacks as you move away! The gnoll hits you but does no damage.
The gnoll throws a throwing net.
The throwing net misses you. The gnoll hits you but does no damage.
You hit the gnoll.
The gnoll is severely wounded.
You hit the gnoll.
The gnoll is almost dead.
The gnoll hits you but does no damage.
You hit the gnoll.
You kill the gnoll!
You have reached level 5!
Your demonic ancestry asserts itself...
Sharp spines emerge from parts of your body.
The rat attacks as you move away! The rat closely misses you.
You hit the rat.
The rat is severely wounded.
The rat is struck by your spines.
You kill the rat!
The gnoll hits you but does no damage.
You see here a rat corpse.
You hit the gnoll.
The gnoll is lightly wounded.
The gnoll is struck by your spines. The gnoll hits you with a +0 halberd!
You are too injured to fight recklessly!
You are too injured to fight recklessly!
You are too injured to fight recklessly!
You are too injured to fight recklessly!
You are too injured to fight recklessly!
You are too injured to fight recklessly!
You are too injured to fight recklessly!
You are too injured to fight recklessly!
You are too injured to fight recklessly!
You are too injured to fight recklessly!
You are too injured to fight recklessly!
You are too injured to fight recklessly!
You are too injured to fight recklessly!
You are too injured to fight recklessly!
You are too injured to fight recklessly!
You hit the gnoll.
The gnoll is severely wounded.
The gnoll hits you but does no damage.
You hit the gnoll.
You kill the gnoll!
Things that are here:
a +0 halberd; a gnoll corpse
Things that are here:
a +0 club; a gnoll corpse
n - a throwing net
Found a stone staircase leading down.
An orc is nearby!
There is a stone staircase leading down here.
The orc barely misses you.
You hit the orc.
The orc is heavily wounded.
The orc is struck by your spines.
You kill the orc!
No target in view!
No target in view!
No target in view!
No target in view!
No target in view!
No target in view!
No target in view!
No target in view!
No target in view!
o - a scroll labelled NUECKYLUENU You now have 105 gold pieces (gained 4).
Things that are here:
a +0 dagger; a +0 leather armour A hobgoblin comes into view.
A hobgoblin is nearby!
A hobgoblin is nearby!
Found a hat.
Found 8 gold pieces.
The hobgoblin shouts!
A frilled lizard comes into view.
A worm comes into view.
An adder comes into view.
Found 3 gold pieces.
The adder hisses angrily.
Found a scroll labelled VETARE MEMOLIK and a mace.
A sourceless malevolence fills the Dungeon...
You fall into a shaft and drop 1 floor!
The shaft crumbles and collapses.
Found a smoking war axe.
You see here the +2 war axe "Ugeqaustuh" {vorpal, rElec rF+ rCorr Str-2}.
A giant cockroach comes into view.
A giant cockroach is nearby!
A giant cockroach is nearby!
Found a lead wand.
A goblin comes into view. It is wielding a +0 club.
An endoplasm comes into view.
The giant cockroach is struck by your spines.
The giant cockroach barely misses you.
The giant cockroach bites you but does no damage.
You barely miss the giant cockroach. Your punch misses the giant cockroach.
The giant cockroach is heavily wounded.
The goblin shouts!
The giant cockroach bites you but does no damage.
You hit the giant cockroach.
The giant cockroach is almost dead.
The endoplasm quivers.
The giant cockroach is struck by your spines.
You kill the giant cockroach!
The endoplasm closely misses you.
You hit the endoplasm.
The endoplasm is severely wounded.
The endoplasm freezes you.
You are frozen.
You hit the endoplasm.
You kill the endoplasm!
No target in view!
No target in view!
No target in view!
No target in view!
No target in view!
No target in view!
You sense a monster nearby.
A goblin is nearby!
You hit the goblin.
You kill the goblin!
No target in view!
No target in view!
No target in view!
No target in view!
No target in view!
No target in view!
No target in view!
HP restored.
p - a wand of paralysis (11)
An endoplasm comes into view.
An endoplasm is nearby!
An endoplasm is nearby!
The endoplasm quivers.
Found a stone staircase leading down.
The endoplasm barely misses you.
You hit the endoplasm.
The endoplasm is almost dead.
The endoplasm barely misses you.
You hit the endoplasm but do no damage.
The endoplasm is almost dead.
The endoplasm hits you.
You hit the endoplasm.
You kill the endoplasm!
No target in view!
No target in view!
You now have 110 gold pieces (gained 5).
You sense a monster nearby.
You open the door.
An endoplasm comes into view.
An adder comes into view.
The endoplasm quivers.
The endoplasm is struck by your spines. The endoplasm hits you.
There is an open door here.
You puncture the endoplasm!
You kill the endoplasm!
The adder hisses angrily.
A hobgoblin comes into view.
The hobgoblin shouts!
You hit the adder.
The adder is heavily wounded.
The adder is struck by your spines. The adder bites you but does no damage.
You hit the adder.
The adder is almost dead.
The adder bites you.
You are poisoned.
The adder poisons you!
You hit the adder.
You kill the adder!
You feel sick.
You hit the hobgoblin.
The hobgoblin is severely wounded.
You feel sick.
A quokka comes into view.
You closely miss the hobgoblin.
The hobgoblin is severely wounded.
You feel sick. The hobgoblin is struck by your spines.
The hobgoblin closely misses you.
You barely miss the hobgoblin.
The hobgoblin is almost dead.
You feel sick. The hobgoblin is struck by your spines.
You kill the hobgoblin!
A quokka is nearby!
A quokka is nearby!
You feel sick. The quokka closely misses you.
You see here a hobgoblin corpse.
You hit the quokka.
You kill the quokka!
You feel sick.
You are no longer poisoned.
No target in view!
No target in view!
No target in view!
No target in view!
No target in view!
No target in view!
No target in view!
No target in view!
No target in view!
An endoplasm comes into view.
An endoplasm is nearby!
An endoplasm is nearby!
Found a dagger and a trident.
The endoplasm quivers.
You puncture the endoplasm!
You kill the endoplasm!
No target in view!
No target in view!
No target in view!
No target in view!
No target in view!
No target in view!
No target in view!
No target in view!
No target in view!
A hobgoblin comes into view.
A hobgoblin is nearby!
A hobgoblin is nearby!
An endoplasm comes into view.
The endoplasm quivers.
The hobgoblin shouts!
You hit the hobgoblin.
The hobgoblin is heavily wounded.
The hobgoblin hits you but does no damage.
You hit the hobgoblin.
You kill the hobgoblin!
A goblin comes into view. It is wielding a +0 dagger.
The goblin unwields a +0 dagger.
The goblin wields a +0 sling.
The goblin shoots a sling bullet.
The sling bullet closely misses you.
Found a stone staircase leading down.
You hit the endoplasm.
The endoplasm is severely wounded.
The endoplasm freezes you.
You are frozen.
You hit the endoplasm.
The endoplasm is almost dead.
The endoplasm is struck by your spines.
You kill the endoplasm!
The goblin shoots a sling bullet.
The sling bullet hits you.
The goblin shoots a sling bullet.
The sling bullet closely misses you.
There is an open door here.
The goblin shoots a sling bullet.
The sling bullet hits you.
Found 13 gold pieces.
The goblin unwields a +0 sling.
The goblin wields a +0 dagger.
The goblin hits you but does no damage.
A goblin is nearby!
A goblin is nearby!
A goblin is nearby!
You hit the goblin but do no damage. The goblin is struck by your spines.
The goblin barely misses you.
You hit the goblin but do no damage.
The goblin is severely wounded.
You closely miss the goblin.
The goblin is severely wounded.
The goblin is struck by your spines.
You kill the goblin!
No target in view!
No target in view!
No target in view!
No target in view!
No target in view!
No target in view!
No target in view!
f - 2 scrolls labelled VETARE MEMOLIK (gained 1)
You now have 120 gold pieces (gained 10).
Things that are here:
a +0 dagger; a +0 sling; a +0 ring mail You now have 133 gold pieces (gained 13).
You see here a +0 hand axe of freezing.
Found a stone staircase leading up.
There is a stone staircase leading up here.
You sense a monster nearby.
No target in view!
No target in view!
No target in view!
A rat comes into view.
The helpless rat fails to defend itself.
You puncture the rat!
You kill the rat!
No target in view!
No target in view!
No target in view!
No target in view!
No target in view!
No target in view!
No target in view!
(D) Dungeon
Where to? (Enter - D:2, ? - help)
There is a stone staircase leading up here.
You climb upwards.
The hobgoblin shouts!
You hear a shout!
You sense a monster nearby.
Found 12 gold pieces.
There is a stone staircase leading down here.
A hobgoblin is nearby!
A hobgoblin is nearby!
A hobgoblin is nearby!
A hobgoblin comes into view.
You barely miss the hobgoblin. The hobgoblin hits you.
You hit the hobgoblin.
The hobgoblin is heavily wounded.
The hobgoblin hits you but does no damage.
You hit the hobgoblin.
You kill the hobgoblin!
The hobgoblin hits you but does no damage.
You hit the hobgoblin.
The hobgoblin is almost dead.
You hit the hobgoblin.
You kill the hobgoblin!
No target in view!
No target in view!
No target in view!
No target in view!
No target in view!
There is a stone staircase leading down here.
A giant cockroach comes into view.
Found 16 gold pieces.
A giant cockroach is nearby!
Found a sling.
You closely miss the giant cockroach. The giant cockroach closely misses you.
The giant cockroach bites you but does no damage.
You hit the giant cockroach.
You kill the giant cockroach!
No target in view!
No target in view!
No target in view!
No target in view!
No target in view!
An adder comes into view.
An adder is nearby!
The adder is struck by your spines. The adder completely misses you.
You hit the adder but do no damage.
The adder is lightly wounded.
The adder is struck by your spines. The adder barely misses you.
You hit the adder.
You kill the adder!
No target in view!
No target in view!
No target in view!
No target in view!
No target in view!
No target in view!
No target in view!
No target in view!
No target in view!
You now have 145 gold pieces (gained 12).
You now have 161 gold pieces (gained 16).
You sense a monster nearby.
You see here a +0 sling.
You open the door.
There is an open door here.
There is an open door here.
You now have 176 gold pieces (gained 15).
Found a shadowy altar of Dithmenos.
A rat comes into view.
A rat is nearby!
You hit the rat.
The rat is moderately wounded.
The rat bites you but does no damage.
You hit the rat.
You kill the rat!
No target in view!
No target in view!
No target in view!
No target in view!
No target in view!
No target in view!
No target in view!
q - a ring of protection from fire
q - a ring of protection from fire (right hand)
Found a mace.
You see here a +0 dagger of protection.
You now have 188 gold pieces (gained 12).
You now have 197 gold pieces (gained 9).
A hobgoblin comes into view.
The hobgoblin shouts!
The hobgoblin misses you.
You completely miss the hobgoblin. The hobgoblin closely misses you.
You hit the hobgoblin.
The hobgoblin is lightly wounded.
The hobgoblin barely misses you.
You hit the hobgoblin.
The hobgoblin is almost dead.
The hobgoblin is struck by your spines.
You kill the hobgoblin!
No target in view!
No target in view!
No target in view!
No target in view!
Found a stone staircase leading up.
o - 2 scrolls labelled NUECKYLUENU (gained 1)
A giant cockroach comes into view.
A giant cockroach is nearby!
You enter the shallow water.
Moving in this stuff is going to be slow.
The giant cockroach bites you but does no damage. x2
You hit the giant cockroach.
You kill the giant cockroach!
The ball python barely misses you.
You puncture the ball python!
You kill the ball python!
No target in view!
No target in view!
No target in view!
You now have 209 gold pieces (gained 12).
There are monsters nearby!
There are monsters nearby!
A rat comes into view.
The hobgoblin shouts!
The frilled lizard hisses angrily.
The hobgoblin closely misses you.
You closely miss the hobgoblin.
The hobgoblin hits you but does no damage.
You hit the hobgoblin.
You kill the hobgoblin!
The adder hisses angrily.
The frilled lizard is struck by your spines.
The frilled lizard bites you but does no damage.
You puncture the frilled lizard!
You kill the frilled lizard!
You puncture the rat!
You kill the rat!
You see here a rat corpse.
You hit the adder.
The adder is heavily wounded.
The adder closely misses you.
You puncture the adder!
You kill the adder!
No target in view!
No target in view!
No target in view!
No target in view!
No target in view!
No target in view!
No target in view!
No target in view!
No target in view!
c - 2 potions of ambrosia (gained 1)
f - 4 scrolls labelled VETARE MEMOLIK (gained 2)
You now have 249 gold pieces (gained 40).
Things that are here:
a +0 dagger; 2 stones A worm is nearby!
A worm is nearby!
Found 3 poisoned darts.
Found a scroll labelled VETARE MEMOLIK.
The worm is struck by your spines. The worm bites you.
You hit the worm.
The worm is heavily wounded.
You hit the worm.
The worm is severely wounded.
The worm bites you.
You puncture the worm!
You kill the worm!
No target in view!
No target in view!
No target in view!
No target in view!
No target in view!
No target in view!
No target in view!
No target in view!
No target in view!
No target in view!
No target in view!
HP restored.
r - a +0 hat You now have 257 gold pieces (gained 8).
f - 5 scrolls labelled VETARE MEMOLIK (gained 1)
You now have 260 gold pieces (gained 3).
f - 6 scrolls labelled VETARE MEMOLIK (gained 1)
Found a whip.
You see here a +0 whip.
Found a stone staircase leading up.
Done exploring.
Done exploring.
Okay, then.
You drop a +0 hat.
Done exploring.
Done exploring.
Done exploring.
Done exploring.
(D) Dungeon
Where to? (Enter - D:2, ? - help)
Things that are here:
a +0 robe; a +0 dagger
There is a stone staircase leading down here.
You climb downwards.
There is a stone staircase leading up here.
You open the door.
There is an open door here.
Found a stone staircase leading down.
A kobold comes into view. It is wielding a +0 club.
You see here a scroll labelled ITRICHA DERRIKK.
A kobold is nearby!
The kobold shouts!
The kobold throws a stone.
The stone hits you but does no damage. The kobold hits you but does no damage.
You closely miss the kobold. The kobold hits you with a +0 club.
You hit the kobold.
The kobold is heavily wounded.
The kobold barely misses you.
You hit the kobold.
You kill the kobold!
No target in view!
No target in view!
No target in view!
No target in view!
No target in view!
No target in view!
No target in view!
HP restored.
r - a scroll labelled ITRICHA DERRIKK You now have 268 gold pieces (gained 8).
A bat comes into view.
A bat is nearby!
A bat is nearby!
You hit the bat.
The bat is moderately wounded.
The bat is struck by your spines.
You kill the bat!
No target in view!
No target in view!
No target in view!
No target in view!
No target in view!
No target in view!
No target in view!
No target in view!
No target in view!
Found a stone staircase leading up.
s - a scroll labelled MOYHIY TOUC You sense a monster nearby.
No target in view!
No target in view!
No target in view!
No target in view!
No target in view!
No target in view!
No target in view!
No target in view!
An adder comes into view.
Found a flail.
The helpless adder fails to defend itself.
You puncture the adder!
You kill the adder!
No target in view!
No target in view!
No target in view!
No target in view!
No target in view!
No target in view!
No target in view!
You enter the shallow water.
Moving in this stuff is going to be slow.
Found a sling.
You enter the shallow water.
Moving in this stuff is going to be slow.
A goblin comes into view. It is wielding a +0 club.
The goblin shouts!
A goblin is nearby!
You enter the shallow water.
Moving in this stuff is going to be slow.
A hobgoblin comes into view.
The hobgoblin shouts!
Found a fizzy white potion.
The goblin hits you but does no damage.
You closely miss the goblin. The goblin hits you with a +0 club.
You puncture the goblin!
You kill the goblin!
You hear a splash.
You enter the shallow water.
Moving in this stuff is going to be slow.
Things that are here:
a +0 club; a goblin corpse You barely miss the hobgoblin.
The hobgoblin is struck by your spines.
You kill the hobgoblin!
No target in view!
No target in view!
No target in view!
No target in view!
No target in view!
No target in view!
No target in view!
No target in view!
No target in view!
You see here a hobgoblin corpse.
t - a fizzy white potion You now have 284 gold pieces (gained 16).
You enter the shallow water.
Moving in this stuff is going to be slow.
You enter the shallow water.
Moving in this stuff is going to be slow.
There is an open door here.
t - 2 fizzy white potions (gained 1)
You now have 304 gold pieces (gained 20).
Key pressed, stopping explore.
There is a stone staircase leading down here.
You open the door.
A worm comes into view.
There is an open door here.
You hit the worm.
The worm is lightly wounded.
The worm is struck by your spines. The worm bites you.
You hit the worm.
The worm is heavily wounded.
You puncture the worm!
The worm is almost dead.
The worm is struck by your spines.
You kill the worm!
No target in view!
No target in view!
No target in view!
No target in view!
No target in view!
No target in view!
Found a whip.
A dart slug and a hobgoblin come into view.
Found a mace and 13 gold pieces.
The hobgoblin shouts!
There are monsters nearby!
You hit the hobgoblin.
The hobgoblin is severely wounded.
The hobgoblin closely misses you.
You hit the hobgoblin.
The hobgoblin is almost dead.
The hobgoblin is struck by your spines.
You kill the hobgoblin!
The dart slug bites you.
Things that are here:
a +0 whip; a hobgoblin corpse You hit the dart slug.
The dart slug is severely wounded.
You puncture the dart slug!
You kill the dart slug!
Your Long Blades skill increases to level 6!
No target in view!
No target in view!
No target in view!
No target in view!
No target in view!
No target in view!
No target in view!
No target in view!
No target in view!
No target in view!
f - 7 scrolls labelled VETARE MEMOLIK (gained 1)
You now have 317 gold pieces (gained 13).
There is an open door here.
A dart slug comes into view.
Found a hand axe.
A dart slug is nearby!
A dart slug is nearby!
The dart slug launches a dart at you. The slug dart misses you.
You hit the dart slug.
The dart slug is moderately wounded.
The dart slug is struck by your spines. The dart slug closely misses you.
You hit the dart slug.
You kill the dart slug!
No target in view!
No target in view!
No target in view!
No target in view!
No target in view!
No target in view!
No target in view!
You open the door.
Found 3 stones.
There is an open door here.
You see here 3 stones.
You see here a +0 club.
You open the door.
There is an open door here.
There is an open door here.
You enter the shallow water.
Moving in this stuff is going to be slow.
You enter the shallow water.
Moving in this stuff is going to be slow.
Partly explored, can't reach some places.
Partly explored, can't reach some places.
No target in view!
No target in view!
No target in view!
No target in view!
No target in view!
No target in view!
No target in view!
No target in view!
No target in view!
Partly explored, can't reach some places.
Partly explored, can't reach some places.
(D) Dungeon
Where to? (Enter - D:3, ? - help)
You enter the shallow water.
Moving in this stuff is going to be slow.
You open the door.
There is an open door here.
There is a stone staircase leading down here.
You climb downwards.
There is a stone staircase leading up here.
A kobold comes into view. It is wielding a +0 dagger.
A kobold is nearby!
A kobold is nearby!
The kobold shouts!
The kobold throws a stone.
The stone closely misses you. The kobold is struck by your spines.
You kill the kobold!
No target in view!
No target in view!
No target in view!
No target in view!
No target in view!
No target in view!
No target in view!
No target in view!
No target in view!
No target in view!
Things that are here:
a +0 dagger; a stone A jelly comes into view.
A jelly is nearby!
A jelly is nearby!
The jelly quivers.
The jelly hits you but does no damage.
You hit the jelly. The acid corrodes you!
Your hands burn!
The jelly is moderately wounded.
You hit the jelly. The acid corrodes you!
Your hands burn!
The jelly is moderately wounded.
The jelly is struck by your spines. The jelly hits you. The acid corrodes you!
You are splashed with acid!
You are too injured to fight recklessly!
You are too injured to fight recklessly!
You are too injured to fight recklessly!
You are too injured to fight recklessly!
You are too injured to fight recklessly!
You are too injured to fight recklessly!
You are too injured to fight recklessly!
You are too injured to fight recklessly!
You are too injured to fight recklessly!
You are too injured to fight recklessly!
You are too injured to fight recklessly!
A jelly is nearby!
You hit the jelly. The acid corrodes you!
Your hands burn!
* * * LOW HITPOINT WARNING * * *
The jelly is almost dead.
The jelly is struck by your spines.
You kill the jelly!
Found the +8 trident of the Octopus King {venom, rElec rPois}.
You are no longer corroded.
HP restored.
You see here the +8 trident of the Octopus King {venom, rElec rPois}.
u - the +8 trident of the Octopus King {venom, rElec rPois}
e - 3 scrolls labelled JUGIPP BOONLUF (gained 1)
You sense a monster nearby.
An ogre comes into view. It is wielding a +0 giant spiked club.
An ogre is nearby!
An ogre is nearby!
The helpless ogre fails to defend itself.
You impale the ogre!!
The ogre is severely wounded.
The ogre is struck by your spines.
The ogre hits you with a +0 giant spiked club!!
Ouch! That really hurt!
* * * LOW HITPOINT WARNING * * *
You are too injured to fight recklessly!
You are too injured to fight recklessly!
You are too injured to fight recklessly!
You are too injured to fight recklessly!
You are too injured to fight recklessly!
You are too injured to fight recklessly!
You are too injured to fight recklessly!
You are too injured to fight recklessly!
You are too injured to fight recklessly!
You are too injured to fight recklessly!
You are too injured to fight recklessly!
You hit the ogre.
The ogre is almost dead.
You hit the ogre but do no damage.
The ogre is almost dead.
The ogre hits you with a +0 giant spiked club!
* * * LOW HITPOINT WARNING * * *
You barely miss the ogre.
The ogre is almost dead.
You barely miss the ogre.
The ogre is almost dead.
The ogre hits you with a +0 giant spiked club!
You die...

#.# #.# #.# #.#
#.# #.# #.# . #
## #.#
...#.#.#### #.#
#........# #.#
###.#.@#.######.#
#.O#........#
#############


You could see an ogre.

Vanquished Creatures
  An orc priest (D:1)
  A jelly (D:4)
  2 orc wizards
  3 gnolls (D:2)
  4 adders
  2 worms
  3 dart slugs
  4 orcs
  2 ball pythons
  6 endoplasms
  6 giant cockroaches
  7 goblins
  13 hobgoblins
  A jackal (D:1)
  A quokka (D:3)
  5 bats
  2 frilled lizards (D:2)
  7 kobolds
  6 rats
76 creatures vanquished.

Notes
Turn   | Place    | Note
-------+----------+-------------------------------------------
     0 | D:1      | sleeves the Demonspawn Monk began the quest for the Orb.
     0 | D:1      | Reached XP level 1. HP: 18/18 MP: 1/1
   102 | D:1      | Reached skill level 3 in Long Blades
   108 | D:1      | Found a faded altar of an unknown god.
   175 | D:1      | Gained mutation: You are partially covered in yellow
                  | scales. (AC +2) [demonic ancestry]
   175 | D:1      | Reached XP level 2. HP: 20/24 MP: 2/2
   502 | D:1      | Gained mutation: You have a pair of small antennae on your
                  | head. [demonic ancestry]
   502 | D:1      | Reached XP level 3. HP: 20/29 MP: 3/3
   964 | D:2      | HP: 9/29 [orc priest/divine providence (12)]
   977 | D:1      | HP: 7/29 [orc/+0 mace (5)]
   979 | D:1      | HP: 3/29 [orc/+0 mace (1)]
  1095 | D:1      | Reached skill level 4 in Long Blades
  1189 | D:1      | Gained mutation: You are mostly covered in yellow scales.
                  | (AC +3) [demonic ancestry]
  1189 | D:1      | Reached XP level 4. HP: 21/35 MP: 4/4
  1257 | D:2      | Reached skill level 5 in Long Blades
  1364 | D:2      | Gained mutation: You are partially covered in sharp spines.
                  | [demonic ancestry]
  1364 | D:2      | Reached XP level 5. HP: 28/41 MP: 5/5
  1475 | D:2      | You fall into a shaft and drop 1 floor!
  1476 | D:3      | Identified the +2 war axe "Ugeqaustuh" {vorpal, rElec rF+
                  | rCorr Str-2}
  1770 | D:2      | Found a shadowy altar of Dithmenos.
  2515 | D:3      | Reached skill level 6 in Long Blades
  2735 | D:4      | HP: 17/41 [acid (5)]
  2736 | D:4      | Found the +8 trident of the Octopus King {venom, rElec
                  | rPois}
  2869 | D:4      | Noticed an ogre
  2871 | D:4      | HP: 14/41 [ogre/+0 giant spiked club (27)]
  2873 | D:4      | HP: 5/41 [ogre/+0 giant spiked club (9)]
  2875 | D:4      | Slain by an ogre

Illustrated notes

Levels and vault maps discovered:
D:1:      dpeg_arrival_refuge, layout_basic, ebering_ecumenical_altar_abandoned,
          minivault_26, minmay_split_cup_small
D:2:      cheibrodos_pilgrimage, layout_basic, basic_altar,
          minmay_misc_feat_square, minmay_hexomino_c4
D:3:      layout_basic, minmay_misc_feat_five, chequers_serial_rivers_small_3,
          kennysheep_potato
D:4:      due_chaos_kobolds, layout_basic, dk_rats_in_the_wall

Skill      XL: |  1  2  3  4  5 |
---------------+----------------+-----
Long Blades    | 3 4 5 6 |  6.1
Fighting       | |  3.0
Dodging        | |  2.6
Stealth        | |  1.7

Action                   |  1- 3 |  4- 6 || total
-------------------------+-------+-------++-------
Melee: Falchion          |   124 |       ||   124
       Short sword       |       |   101 ||   101
 Stab: Sleeping          |     4 |     3 ||     7
Armor: Robe              |    31 |       ||    31
       Ring mail         |    15 |    25 ||    40
Dodge: Dodged            |    91 |    36 ||   127

Table legend: (Time is in decaauts)
 A = Elapsed time spent in this place.
 B = Non-inter-level travel time spent in this place.
 C = Inter-level travel time spent in this place.
 D = Time resting spent in this place.
 E = Time spent auto-exploring this place.
 F = Levels seen in this place.
 G = Mean time per level.
                   A        B        C        D        E       F      G
               +--------+--------+--------+--------+--------+-----+--------+
         Total |   2884 |   2822 |     62 |     91 |   2144 |   4 |  721.0 |
       Dungeon |   2884 |   2822 |     62 |     91 |   2144 |   4 |  721.0 |
               +--------+--------+--------+--------+--------+-----+--------+

Top non-repeatable levels by time:
     D:1: 1099 daAuts
     D:2: 840 daAuts
     D:3: 783 daAuts
     D:4: 161 daAuts
